 Dungeon Crawl Stone Soup version 0.21.0 (webtiles) character file.

3108 HungrySpirit the Slicer (level 9, -7/51 HPs)
             Began as a Deep Elf Artificer on Jan 7, 2018.
             Was a Follower of Vehumet.
             Shot with a sling bullet by Joseph (9 damage)
             ... on level 8 of the Dungeon.
             The game lasted 00:23:00 (9382 turns).

HungrySpirit the Slicer (Deep Elf Artificer)        Turns: 9382, Time: 00:23:02

Health: -7/51      AC:  7    Str:  9    XL:     9   Next: 60%
Magic:  20/20      EV: 24    Int: 20    God:    Vehumet [*.....]
Gold:   533        SH:  0    Dex: 20    Spells: 19/20 levels left

rFire    . . .     SeeInvis .   e - +0 short sword (elec)
rCold    . . .     Gourm    .   (no shield)
rNeg     . . .     Faith    .   b - +0 leather armour
rPois    .         Spirit   .   m - +0 helmet
rElec    .         Reflect  .   h - +1 cloak
rCorr    +         Harm     .   (no gloves)
MR       .....                  t - +0 pair of boots
Stlth    ++........             (no amulet)
HPRegen  0.17/turn              n - ring of resist corrosion
MPRegen  0.17/turn              r - +1 ring of evasion

@: confused, agile, drained
A: no striking features
a: Renounce Religion


You were on level 8 of the Dungeon.
You worshipped Vehumet.
Vehumet was aware of your devotion.
You were not hungry.

You visited 2 branches of the dungeon, and saw 9 of its levels.

You collected 566 gold pieces.
You spent 33 gold pieces at shops.

Inventory:

Hand Weapons
 e - a +0 short sword of electrocution (weapon)
 y - a +0 dagger of protection
Armour
 b - a +0 leather armour (worn)
 h - a +1 cloak (worn)
 m - a +0 helmet (worn)
 o - a +0 buckler
 s - a +0 robe of positive energy
 t - a +0 pair of boots (worn)
Jewellery
 n - a ring of resist corrosion (left hand)
 r - a +1 ring of evasion (right hand)
 G - a +3 ring of evasion
Scrolls
 a - a scroll of magic mapping {unknown}
 g - 6 scrolls of remove curse
 j - 8 scrolls of identify
 k - a scroll of teleportation {unknown}
 p - 6 scrolls of fear {unknown}
 q - 5 scrolls of enchant weapon {unknown}
 u - 2 scrolls of enchant armour {unknown}
 w - 2 scrolls of blinking
 F - a scroll of torment {unknown}
Potions
 c - 2 potions of curing
 i - 5 potions of flight
 l - a potion of degeneration
 v - a potion of brilliance
 x - 2 potions of resistance
 z - a potion of mutation
 A - a potion of heal wounds
 C - a potion of cancellation
Comestibles
 f - 14 rations
 D - 2 chunks of flesh


   Skills:
 - Level 3.4 Fighting
 * Level 9.4 Short Blades
 + Level 8.2(8.1) Dodging
 - Level 1.2 Stealth
 + Level 6.4(6.3) Spellcasting
 * Level 2.9 Conjurations
   Level 3.2 Evocations


You had 19 spell levels left.
You knew the following spells:

 Your Spells              Type           Power        Failure   Level  Hunger
a - Shock                 Conj/Air       ##..         8%          1    None


Dungeon Overview and Level Annotations

Branches:
Dungeon (8/15)             Temple (1/1) D:5
   Lair: D:8-11

Altars:
Ashenzari
Cheibriados
Dithmenos
Elyvilon
Fedhas
Gozag
Hepliaklqana
Kikubaaqudgha
Nemelex Xobeh
Okawaru
Qazlal
Ru
Sif Muna
Trog
Vehumet
Wu Jian
Xom
Yredelemnul
Zin
The Shining One

Shops:
D:5 =

Annotations:
D:8 Joseph, Prince Ribbit


Message History

Your leather armour prevents you from hitting Joseph.
Joseph is moderately wounded.
Joseph hits you with an uncursed quarterstaff.
* * * LOW HITPOINT WARNING * * *
You hit Joseph but do no damage. Lightning courses through Joseph!
Joseph is heavily wounded.
Joseph hits you but does no damage.
You are confused.
You feel invigorated.
Joseph hits you with an uncursed quarterstaff.
* * * LOW HITPOINT WARNING * * *
You're too confused to move!
Joseph closely misses you.
Joseph unwields an uncursed quarterstaff.
Joseph wields an uncursed hunting sling of freezing.
It is covered in frost.
Joseph shoots a sling bullet.
The sling bullet closely misses you.
Joseph shoots a sling bullet.
The sling bullet hits you!!
* * * LOW HITPOINT WARNING * * *
The sling bullet freezes you!
You die...

#.##### #.....# #.....#
####.....#########
...........#......
.............##.# ...
................#
..............<..##.#
....######.....@.##.#
......#..........##.####
........Z#######@##.##.#
.........@..(((.(.#.##.#
≈≈.....(.##########.##.#
≈≈≈......# ##........#
≈≈≈......# .........#.###
........... ..>..........#
##.####.@##..........#####


You could see Joseph and a bullfrog zombie (wandering).

Vanquished Creatures
  Grinder (D:4)
  Sigmund (D:3)
  A hungry ghost (D:7)
  Edmund (D:4)
  A sky beast (D:2)
  A black bear (D:7)
  An ice beast (D:4)
  A phantom (D:7)
  4 ogres
  A centaur (D:4)
  The ghost of Haldmier the Charlatan, an amateur DEAr (D:3)
  2 bullfrogs (D:7)
  A scorpion (D:7)
  4 killer bees (D:7)
  5 wights (D:7)
  A howler monkey (D:5)
  A centaur zombie (D:7)
  A jelly (D:4)
  3 crimson imps
  2 hounds
  3 orc priests (D:4)
  A quasit (D:7)
  A bullfrog skeleton (D:7)
  8 orc wizards
  A centaur skeleton (D:7)
  An iguana (D:4)
  6 worker ants
  A hound zombie (D:7)
  2 howler monkey zombies
  A gnoll (D:4)
  9 adders
  2 shadow imps (D:5)
  An ooze (D:1)
  2 adder zombies
  An adder skeleton (D:6)
  3 worms
  4 dart slugs
  7 leopard geckos
  10 orcs
  4 ball pythons
  A bat zombie (D:7)
  3 giant cockroaches
  8 hobgoblins
  10 jackals
  6 kobolds
  A quokka (D:3)
  6 bats
  5 frilled lizards
  18 goblins
  2 jackal skeletons (D:4)
  A leopard gecko zombie (D:5)
  10 rats
  2 rat zombies (D:7)
175 creatures vanquished.

Vanquished Creatures (collateral kills)
  An orc priest (D:4)
  An ooze (D:4)
  A worm (D:4)
  A dart slug (D:4)
  3 orcs (D:4)
  2 jackals (D:2)
  A frilled lizard (D:2)
10 creatures vanquished.

Grand Total: 185 creatures vanquished

Notes
Turn   | Place    | Note
-------+----------+-------------------------------------------
     0 | D:1      | HungrySpirit the Deep Elf Artificer began the quest for the Orb.
     0 | D:1      | Reached XP level 1. HP: 11/11 MP: 5/5
   151 | D:1      | Reached skill level 1 in Fighting
   178 | D:1      | Reached XP level 2. HP: 8/16 MP: 6/6
   351 | D:1      | Found a shimmering altar of Xom.
   644 | D:1      | You fall through a shaft!
   772 | D:2      | Noticed a sky beast
  1069 | D:1      | Reached skill level 2 in Short Blades
  1254 | D:1      | Reached XP level 3. HP: 19/20 MP: 7/7
  1540 | D:2      | Killed a sky beast
  1540 | D:2      | Reached skill level 3 in Short Blades
  1540 | D:2      | Reached XP level 4. HP: 26/26 MP: 8/8
  1590 | D:2      | Reached XP level 5. HP: 26/30 MP: 9/9
  2372 | D:2      | Found a glowing silver altar of Zin.
  2372 | D:2      | Found an opulent altar of Gozag.
  2566 | D:3      | Noticed Sigmund
  2588 | D:3      | Killed Sigmund
  2588 | D:3      | Reached skill level 4 in Short Blades
  2588 | D:3      | Reached XP level 6. HP: 35/36 MP: 10/10
  2692 | D:3      | Noticed Haldmier's ghost (amateur DEAr)
  2706 | D:3      | Killed Haldmier's ghost
  3033 | D:3      | Reached skill level 5 in Short Blades
  3316 | D:4      | Reached XP level 7. HP: 22/41 MP: 11/11
  3481 | D:4      | Reached skill level 5 in Dodging
  4309 | D:4      | Noticed Edmund
  4324 | D:4      | Killed Edmund
  4324 | D:4      | Reached skill level 6 in Short Blades
  4324 | D:4      | Reached skill level 1 in Spellcasting
  4617 | D:4      | Noticed Grinder
  4933 | D:4      | Reached XP level 8. HP: 46/46 MP: 13/13
  4979 | D:4      | Paralysed by Grinder for 7 turns
  4998 | D:4      | Killed Grinder
  4998 | D:4      | Reached skill level 7 in Short Blades
  5357 | D:4      | Found a blossoming altar of Fedhas.
  5662 | D:5      | Entered Level 5 of the Dungeon
  5872 | D:5      | Found a blossoming altar of Fedhas.
  5898 | D:5      | Found Pecworeh's Jewellery Boutique.
  5906 | D:5      | Bought a +1 ring of evasion for 33 gold pieces
  5952 | D:5      | Reached skill level 8 in Short Blades
  5973 | D:5      | Found a staircase to the Ecumenical Temple.
  6014 | Temple   | Entered the Ecumenical Temple
  6093 | Temple   | Became a worshipper of Vehumet
  6414 | D:5      | You fall through a shaft for 3 floors!
  6446 | D:8      | Noticed Prince Ribbit
  6627 | D:7      | Reached skill level 5 in Spellcasting
  6630 | D:7      | Reached XP level 9. HP: 49/51 MP: 18/18
  7365 | D:6      | Found a sparkling altar of Nemelex Xobeh.
  8170 | D:7      | Reached * piety under Vehumet
  8170 | D:7      | Offered knowledge of Shock by Vehumet.
  8174 | D:7      | Learned a level 1 spell: Shock
  8210 | D:7      | Reached skill level 9 in Short Blades
  8443 | D:7      | Reached skill level 1 in Conjurations
  9197 | D:7      | Found an ancient bone altar of Kikubaaqudgha.
  9351 | D:8      | Noticed Joseph
  9382 | D:8      | HP: 2/51 [Joseph/sling bullet (20)]
  9382 | D:8      | Shot with a sling bullet by Joseph

Skill      XL: |  1  2  3  4  5  6  7  8  9 |
---------------+----------------------------+-----
Fighting       | 1 2 3 |  3.4
Short Blades   | 2 3 4 5 6 8 9 |  9.4
Dodging        | 3 4 5 7 8 |  8.2
Spellcasting   | 2 5 6 |  6.4
Conjurations   | 2 |  2.9
Stealth        | |  1.2
Evocations     | |  3.2

Action                   |  1- 3 |  4- 6 |  7- 9 || total
-------------------------+-------+-------+-------++-------
Melee: Short sword       |    82 |   269 |   511 ||   862
       Rapier            |       |       |   109 ||   109
 Cast: Shock             |       |       |     1 ||     1
Evoke: Wand              |    14 |    14 |    17 ||    45
  Use: Potion            |       |     6 |     7 ||    13
       Scroll            |       |       |    10 ||    10
 Stab: Sleeping          |     4 |       |     1 ||     5
       Paralysed         |     4 |     1 |       ||     5
       Invisible         |       |     4 |     3 ||     7
       Confused          |       |     2 |     1 ||     3
  Eat: Chunk             |     2 |     6 |    15 ||    23
       Ration            |       |       |     2 ||     2
Armor: Leather armour    |    16 |    91 |   119 ||   226
Dodge: Dodged            |    52 |   181 |   442 ||   675
